 Dungeon Crawl Stone Soup version 0.25-a0-1119-g28b6fd0c3b (webtiles) character file.

Game seed: 14468037504493024375, levelgen mode: deterministic

5 HoaS the Skirmisher (level 1, -6/21 HPs)
             Began as a Gargoyle Berserker on May 17, 2020.
             Was a Follower of Trog.
             Mangled by a gnoll
             ... wielding a +0 halberd
              (13 damage)
             ... on level 1 of the Dungeon.
             The game lasted 00:00:58 (195 turns).

HoaS the Skirmisher (Gargoyle Berserker)             Turns: 195, Time: 00:00:59

Health: -6/21      AC:  4    Str: 20    XL:     1   Next: 80%
Magic:  1/1        EV: 12    Int:  7    God:    Trog [*.....]
Gold:   4          SH:  0    Dex:  9    Spells: 0/0 levels left

rFire    . . .     SeeInvis .     - Unarmed
rCold    . . .     Gourm    .   (no shield)
rNeg     + . .     Faith    .   a - +0 animal skin
rPois    ∞         Spirit   .   (no helmet)
rElec    +         Reflect  .   (no cloak)
rCorr    .         Harm     .   (no gloves)
MR       .....                  (no boots)
Stlth    ..........             (no amulet)
HPRegen  0.07/turn              (no ring)
MPRegen  0.07/turn              (no ring)

@: berserking, very quick
A: negative energy resistance 1, electricity resistance, unbreathing,
petrification resistance, rot immunity, AC +2
a: Berserk, Renounce Religion


You were on level 1 of the Dungeon.
You worshipped Trog.
Trog was aware of your devotion.
You were not hungry.

You visited 1 branch of the dungeon, and saw 1 of its levels.

You collected 4 gold pieces.

Inventory:

Armour
 a - a +0 animal skin (worn)
Scrolls
 c - a scroll of fear {unknown}
Potions
 d - a potion of flight {unknown}
 e - a potion of berserk rage {unknown}
Comestibles
 b - a ration


   Skills:
 + Level 3.4 Fighting
 - Level 2.1 Armour
 - Level 1.5 Dodging
 * Level 3.2 Unarmed Combat


You couldn't memorise any spells.
You didn't know any spells.
Your spell library was empty.

Dungeon Overview and Level Annotations

Branches:
Dungeon (1/15)

Altars:


Innate Abilities, Weirdness & Mutations

You are resistant to torment.
Your stone body is resilient. (AC +2)
You are immune to poison.
You resist negative energy. (rN+)
You are resistant to electric shocks. (rElec)
You can survive without breathing.
You are immune to petrification.
You are immune to rotting.


Message History

The hobgoblin is moderately wounded.
You hit the hobgoblin.
You kill the hobgoblin!
Trog accepts your kill.
No target in view!
HP restored.
You see here a +0 club.
e - an emerald potion A gnoll comes into view.
It is wielding a +0 halberd.
The gnoll hits you with a +0 halberd.
You hit the gnoll but do no damage. The gnoll hits you with a +0 halberd.
You are too injured to fight recklessly!
A red film seems to cover your vision as you go berserk!
You feel yourself moving faster!
You feel mighty!
You feel a lot more hungry.
You closely miss the gnoll. The gnoll closely misses you.
You hit the gnoll.
The gnoll is heavily wounded.
The gnoll hits you with a +0 halberd!
Ouch! That really hurt!
You die...

#....# #.# ##...##
#.#.####.# ##.....##
###........# ##.......#
#.........####.........
...............+.........
..#.#####...####...>.....
. #. ##..# ##.......#
#.######..# ##.....##
#....g@...# ##...##
########.## ##+## #.# #.#
#.# ### #.# ######<# #.#
#....... .# #+####'# #..


You could see a gnoll.

Vanquished Creatures
  A bat (D:1)
  A goblin (D:1)
  2 hobgoblins (D:1)
4 creatures vanquished.

Notes
Turn   | Place    | Note
-------+----------+-------------------------------------------
     0 | D:1      | HoaS the Gargoyle Berserker began the quest for the Orb.
     0 | D:1      | Reached XP level 1. HP: 14/14 MP: 1/1
   195 | D:1      | Mangled by a gnoll

Illustrated notes

Levels and vault maps discovered:
D:1:      minmay_arrival_three_doors, layout_loops_corners, st_stairs_4,
          serial_bayou_ford_a

Action                   || total
-------------------------++-------
Melee: Unarmed           ||    19
Invok: Berserk           ||     1
Armor: Animal skin       ||     8
Dodge: Dodged            ||    18

Table legend:
 A = Non-vault XP
 B = Vault XP
 C = Vault XP percentage of total XP
 D = Non-vault monster count
 E = Vault monster count
 F = Vault count percentage of total count
                 A         B        C        D         E       F
            +---------+---------+-------+---------+---------+-------
      Total |       8 |       0 |   0.0 |       4 |       0 |   0.0
            +---------+---------+-------+---------+---------+-------
        D:1 |       8 |       0 |   0.0 |       4 |       0 |   0.0
            +---------+---------+-------+---------+---------+-------
